NYP
BOISE HAWKS @ MILWAUKEE (NYP) BREWERS
05/02/2048
 
TOP OF THE 1ST
Boise Hawks batting - Pitching for Milwaukee (NYP) Brewers : RHP Jay Cowgill
Pitching: RHP Jay Cowgill
Batting: LHB Georges Lambert 0-0: SINGLE (Groundball, 56D, EV 99.4 MPH)
Batting: SHB Justin Jackson 0-0: Called Strike
0-1: Foul Ball, location: 2F
0-2: DOUBLE (Line Drive, 9LM, EV 101.2 MPH)
Georges Lambert to third
Batting: RHB Andy Rayer 0-0: Ground out 6-3 (Groundball, 6, EV 106.9 MPH)
Georges Lambert scores
Batting: SHB Chris Besselman 0-0: Ball
1-0: Called Strike
1-1: Ball
2-1: Foul Ball, location: 2F
2-2: Strikes out looking
Batting: RHB Wali Mulogo 0-0: Ball
1-0: Ball
2-0: Ball
3-0: Called Strike
3-1: Foul Ball, location: 2F
3-2: Foul Ball, location: 2F
3-2: Fly out, F9 (Flyball, 9, EV 92.5 MPH)
Top of the 1st over - 1 run, 2 hits, 0 errors, 1 left on base; Boise 1 - Milwaukee (NYP) 0
BOTTOM OF THE 1ST
Milwaukee (NYP) Brewers batting - Pitching for Boise Hawks : LHP Mike Pierce
Pitching: LHP Mike Pierce
Batting: RHB Chris Maul 0-0: Ball
1-0: Ball
2-0: Ball
3-0: Base on Balls
Batting: RHB Alfredo Sena 0-0: Foul Ball, location: 2F
0-1: Called Strike
0-2: Ball
1-2: Strikes out looking
Batting: RHB Jeremy Harden 0-0: Ball
1-0: Foul Ball, location: 2F
1-1: Swinging Strike
Pickoff Throw to First - Error! E1
Chris Maul to second
1-2: Ball
2-2: Strikes out swinging
Batting: RHB Victor Alarcon 0-0: Called Strike
0-1: Fly out, F4 (Popup, 4M, EV 56.9 MPH)
Bottom of the 1st over - 0 runs, 0 hits, 1 error, 1 left on base; Boise 1 - Milwaukee (NYP) 0
TOP OF THE 2ND
Boise Hawks batting - Pitching for Milwaukee (NYP) Brewers : RHP Jay Cowgill
Batting: RHB Willie Benito 0-0: Foul Ball, location: 2F
0-1: DOUBLE (Line Drive, 89M, EV 103.8 MPH)
Batting: LHB Jerry Santana 0-0: Ball
1-0: Swinging Strike
1-1: Ball
2-1: Called Strike
2-2: Ball
3-2: Strikes out swinging
Batting: RHB Gashie Chimsima 0-0: Called Strike
0-1: Called Strike
0-2: Foul Ball, location: 2F
0-2: Ball
1-2: Ball
2-2: Fly out, F8 (Flyball, 8LD, EV 90.6 MPH)
Batting: RHB Aaron Burnet 0-0: Called Strike
0-1: Ball
1-1: Foul Ball, location: 2F
1-2: Strikes out swinging
Top of the 2nd over - 0 runs, 1 hit, 0 errors, 1 left on base; Boise 1 - Milwaukee (NYP) 0
BOTTOM OF THE 2ND
Milwaukee (NYP) Brewers batting - Pitching for Boise Hawks : LHP Mike Pierce
Batting: RHB Jose Cerritos 0-0: Ball
1-0: Called Strike
1-1: Foul Ball, location: 2F
1-2: Ball
2-2: Ball
3-2: Foul Ball, location: 2F
3-2: Hit by Pitch
Batting: RHB Jonathan Sarles 0-0: Ball
1-0: Fly out, F7 (Flyball, 7S, EV 76.2 MPH)
Batting: RHB Chris Fruit 0-0: Called Strike
0-1: Ball
1-1: Ball
2-1: Ball
3-1: Called Strike
3-2: Foul Ball, location: 2F
3-2: DOUBLE (Flyball, 8LXD, EV 109.4 MPH)
Jose Cerritos to third
Jose Cerritos scores
Batting: SHB Aaron Neill 0-0: Ball
1-0: SINGLE (Groundball, 4S, EV 69.4 MPH) (infield hit)
Chris Fruit to third
Batting: SHB Robert Sayer 0-0: Called Strike
0-1: Ball
1-1: Called Strike
Aaron Neill steals 2nd, throwing error, E2
Chris Fruit scores
Aaron Neill to third
1-2: Fly out, F8 (Flyball, 78M, EV 89.4 MPH)
Runner from 3rd tags up, SCORES, no throw by CF
Batting: RHB Chris Maul 0-0: Called Strike
0-1: Called Strike
0-2: Fly out, F8 (Flyball, 89S, EV 74.4 MPH)
Bottom of the 2nd over - 3 runs, 2 hits, 1 error, 0 left on base; Boise 1 - Milwaukee (NYP) 3
TOP OF THE 3RD
Boise Hawks batting - Pitching for Milwaukee (NYP) Brewers : RHP Jay Cowgill
Batting: LHB Georges Lambert 0-0: Ball
1-0: Called Strike
1-1: Swinging Strike
1-2: Strikes out swinging
Batting: SHB Justin Jackson 0-0: Called Strike
0-1: Ball
1-1: Ground out 4-3 (Groundball, 4, EV 90.6 MPH)
Batting: RHB Andy Rayer 0-0: Ball
1-0: SINGLE (Flyball, 4MD, EV 88.1 MPH)
Batting: SHB Chris Besselman 0-0: Called Strike
Andy Rayer is caught stealing 2nd base 2-6
Top of the 3rd over - 0 runs, 1 hit, 0 errors, 0 left on base; Boise 1 - Milwaukee (NYP) 3
BOTTOM OF THE 3RD
Milwaukee (NYP) Brewers batting - Pitching for Boise Hawks : LHP Mike Pierce
Batting: RHB Alfredo Sena 0-0: Foul Ball, location: 2F
0-1: Ball
1-1: Foul Ball, location: 2F
1-2: Foul Ball, location: 2F
1-2: Ball
2-2: Foul Ball, location: 2F
2-2: Ball
3-2: DOUBLE (Line Drive, 8LXD, EV 102.5 MPH)
Batting: RHB Jeremy Harden 0-0: Foul Ball, location: 2F
0-1: Ball
1-1: Ball
2-1: Swinging Strike
2-2: Ball
3-2: Foul Ball, location: 2F
3-2: Fly out, F7 (Flyball, 78S, EV 96.9 MPH)
Batting: RHB Victor Alarcon 0-0: Called Strike
0-1: Ball
1-1: Foul Ball, location: 2F
1-2: Strikes out looking
Batting: RHB Jose Cerritos 0-0: Ball
1-0: 2-RUN HOME RUN (Flyball, 9D, EV 96.2 MPH), Distance : 371 ft
Pitching: RHP Carlos Manriquez
Batting: RHB Jonathan Sarles 0-0: SINGLE (Flyball, 78S, EV 90.6 MPH)
Batting: RHB Chris Fruit Pickoff Play to 1st, Runner tries for 2nd, OUT after rundown.
Bottom of the 3rd over - 2 runs, 3 hits, 0 errors, 0 left on base; Boise 1 - Milwaukee (NYP) 5
TOP OF THE 4TH
Boise Hawks batting - Pitching for Milwaukee (NYP) Brewers : RHP Jay Cowgill
Batting: SHB Chris Besselman 0-0: Ball
1-0: TRIPLE (Flyball, 8LXD, EV 104.4 MPH)
Batting: RHB Wali Mulogo 0-0: Called Strike
0-1: Swinging Strike
0-2: Ball
1-2: Foul Ball, location: 2F
1-2: Foul Ball, location: 2F
1-2: Foul Ball, location: 2F
1-2: Foul Ball, location: 2F
1-2: Ball
2-2: Ball
3-2: Base on Balls
Batting: RHB Willie Benito 0-0: Foul Ball, location: 2F
0-1: Foul Ball, location: 2F
0-2: Ball
1-2: Ball
2-2: Foul Ball, location: 2F
2-2: Strikes out swinging
Batting: LHB Jerry Santana 0-0: Fly out, F9 (Flyball, 9, EV 91.2 MPH)
Batting: RHB Gashie Chimsima 0-0: Called Strike
0-1: Ball
1-1: Called Strike
1-2: TRIPLE (Line Drive, 78XD, EV 99.4 MPH)
Chris Besselman scores
Wali Mulogo scores
Batting: RHB Aaron Burnet 0-0: Swinging Strike
0-1: Foul Ball, location: 2F
0-2: Ball
1-2: Foul Ball, location: 2F
1-2: Strikes out swinging
Top of the 4th over - 2 runs, 2 hits, 0 errors, 1 left on base; Boise 3 - Milwaukee (NYP) 5
BOTTOM OF THE 4TH
Milwaukee (NYP) Brewers batting - Pitching for Boise Hawks : RHP Carlos Manriquez
Batting: RHB Chris Fruit 0-0: Ball
1-0: Ball
2-0: Ball
3-0: Called Strike
3-1: Ground out 4-3 (Groundball, 4S, EV 83.1 MPH)
Batting: SHB Aaron Neill 0-0: Foul Ball, location: 2F
0-1: Ground out 6-3 (Groundball, 6, EV 97.5 MPH)
Batting: SHB Robert Sayer 0-0: Ball
1-0: Ball
2-0: Called Strike
2-1: Ground out U3 (Groundball, 34, EV 101.9 MPH)
Bottom of the 4th over - 0 runs, 0 hits, 0 errors, 0 left on base; Boise 3 - Milwaukee (NYP) 5
TOP OF THE 5TH
Boise Hawks batting - Pitching for Milwaukee (NYP) Brewers : RHP Jay Cowgill
Batting: LHB Georges Lambert 0-0: Called Strike
0-1: Ball
1-1: Swinging Strike
1-2: Ground out 4-3 (Groundball, 4, EV 84.4 MPH)
Batting: SHB Justin Jackson 0-0: Ground out 4-3 (Groundball, 4M, EV 76.9 MPH)
Batting: RHB Andy Rayer 0-0: Ball
1-0: Ball
2-0: Foul Ball, location: 2F
2-1: Foul Ball, location: 2F
2-2: Foul Ball, location: 2F
2-2: Strikes out swinging
Top of the 5th over - 0 runs, 0 hits, 0 errors, 0 left on base; Boise 3 - Milwaukee (NYP) 5
BOTTOM OF THE 5TH
Milwaukee (NYP) Brewers batting - Pitching for Boise Hawks : RHP Carlos Manriquez
Batting: RHB Chris Maul 0-0: Bunt missed!
0-1: Swinging Strike
0-2: Foul Ball, location: 2F
0-2: Ground out 5-3 (Groundball, 56, EV 105.0 MPH)
Batting: RHB Alfredo Sena 0-0: Ground out 4-3 (Groundball, 13, EV 83.8 MPH)
Batting: RHB Jeremy Harden 0-0: Ball
1-0: Ball
2-0: Ball
3-0: Called Strike
3-1: Called Strike
3-2: Foul Ball, location: 2F
3-2: SOLO HOME RUN (Flyball, 78XD, EV 113.1 MPH), Distance : 415 ft
Batting: RHB Victor Alarcon 0-0: Ball
1-0: Swinging Strike
1-1: Foul Ball, location: 2F
1-2: Ball
2-2: Hit by Pitch
Batting: RHB Jose Cerritos 0-0: Ball
Victor Alarcon is caught stealing 2nd base 2-4
Bottom of the 5th over - 1 run, 1 hit, 0 errors, 0 left on base; Boise 3 - Milwaukee (NYP) 6
TOP OF THE 6TH
Boise Hawks batting - Pitching for Milwaukee (NYP) Brewers : RHP Jay Cowgill
Pitching: RHP Warren Swan
Batting: SHB Chris Besselman 0-0: Called Strike
0-1: Ball
1-1: Called Strike
1-2: Ball
2-2: Strikes out swinging
Batting: RHB Wali Mulogo 0-0: Foul Ball, location: 2F
0-1: Ball
1-1: Called Strike
1-2: Strikes out swinging
Pitching: RHP Dan Patino
Batting: RHB Willie Benito 0-0: Ball
1-0: Ground out 6-3 (Groundball, 6, EV 107.5 MPH)
Top of the 6th over - 0 runs, 0 hits, 0 errors, 0 left on base; Boise 3 - Milwaukee (NYP) 6
BOTTOM OF THE 6TH
Milwaukee (NYP) Brewers batting - Pitching for Boise Hawks : RHP Carlos Manriquez
Batting: RHB Jose Cerritos 0-0: Ground out 6-3 (Groundball, 6, EV 82.5 MPH)
Batting: RHB Jonathan Sarles 0-0: Ball
1-0: Ball
2-0: SOLO HOME RUN (Line Drive, 89XD, EV 108.8 MPH), Distance : 423 ft
Batting: RHB Chris Fruit 0-0: Ball
1-0: Ball
2-0: Ball
3-0: Base on Balls
Batting: SHB Aaron Neill 0-0: Foul Ball, location: 2F
0-1: Hit by Pitch
Chris Fruit to second
Batting: SHB Robert Sayer 0-0: Called Strike
0-1: Ball
1-1: Called Strike
1-2: Foul Ball, location: 2F
Balk!
Chris Fruit to third
Aaron Neill to second
1-2: Foul Ball, location: 2F
1-2: Ball
2-2: Foul Ball, location: 2F
2-2: Foul Ball, location: 2F
2-2: Ball
Wild Pitch!
Chris Fruit scores
Aaron Neill to third
3-2: Base on Balls
Batting: RHB Chris Maul 0-0: Ball
1-0: Swinging Strike
1-1: Ball
2-1: Ball
3-1: Base on Balls
Robert Sayer to second
Batting: RHB Alfredo Sena 0-0: Ball
1-0: Called Strike
1-1: Ball
2-1: GRAND SLAM HOME RUN (Flyball, 78XD, EV 107.5 MPH), Distance : 421 ft
Batting: RHB Jeremy Harden 0-0: Ball
1-0: Called Strike
1-1: Foul Ball, location: 2F
1-2: Ball
2-2: Ball
3-2: Base on Balls
Pitching: RHP Wei-fang Ping
Batting: RHB Victor Alarcon 0-0: Ball
1-0: Foul Ball, location: 2F
1-1: Swinging Strike
1-2: Ball
2-2: Ball
3-2: Base on Balls
Jeremy Harden to second
Batting: RHB Jose Cerritos 0-0: Ball
Wild Pitch!
Jeremy Harden to third
Victor Alarcon to second
1-0: Called Strike
1-1: Ball
2-1: Ball
3-1: Called Strike
3-2: Foul Ball, location: 2F
3-2: Base on Balls
Batting: RHB Jonathan Sarles 0-0: Ball
1-0: Ball
2-0: Ball
3-0: Called Strike
3-1: Fielders Choice at 2nd, 4-6 (Groundball, 4, EV 108.1 MPH)
Jeremy Harden scores
Victor Alarcon to third
Batting: RHB Chris Fruit 0-0: Called Strike
0-1: Ball
1-1: Called Strike
1-2: Fly out, F8 (Line Drive, 8RM, EV 89.4 MPH)
Bottom of the 6th over - 7 runs, 2 hits, 0 errors, 2 left on base; Boise 3 - Milwaukee (NYP) 13
TOP OF THE 7TH
Boise Hawks batting - Pitching for Milwaukee (NYP) Brewers : RHP Dan Patino
Batting: LHB Jerry Santana 0-0: Ball
1-0: Called Strike
1-1: Ball
2-1: Foul Ball, location: 2F
2-2: Strikes out looking
Batting: RHB Gashie Chimsima 0-0: Foul Ball, location: 2F
0-1: Ball
1-1: Ball
2-1: Called Strike
2-2: Strikes out swinging
Pinch Hitting: RHB Brent Montagano 0-0: Fly out, F9 (Line Drive, 9S, EV 95.0 MPH)
Top of the 7th over - 0 runs, 0 hits, 0 errors, 0 left on base; Boise 3 - Milwaukee (NYP) 13
BOTTOM OF THE 7TH
Milwaukee (NYP) Brewers batting - Pitching for Boise Hawks : RHP Wei-fang Ping
Now in CF: Ighlas Mwara
Batting: SHB Aaron Neill 0-0: Ground out 6-3 (Groundball, 6, EV 85.0 MPH)
Batting: SHB Robert Sayer 0-0: Swinging Strike
0-1: Ball
1-1: Ball
2-1: Ball
3-1: Base on Balls
Batting: RHB Chris Maul 0-0: Foul Ball, location: 2F
0-1: Ball
1-1: Ball
2-1: Foul Ball, location: 2F
2-2: SINGLE (Line Drive, 8LS, EV 95.6 MPH)
Robert Sayer to second
Batting: RHB Alfredo Sena Balk!
Robert Sayer to third
Chris Maul to second
0-0: Swinging Strike
0-1: Called Strike
0-2: Reached on error, E2 (Groundball, 2L, EV 71.2 MPH)
Robert Sayer scores
Chris Maul scores
Batting: RHB Jeremy Harden 0-0: Called Strike
0-1: Swinging Strike
0-2: SINGLE (Line Drive, 89S, EV 93.1 MPH)
Alfredo Sena to third
Batting: RHB Victor Alarcon 0-0: Ball
1-0: Ball
2-0: Called Strike
2-1: Ball
3-1: Foul Ball, location: 2F
3-2: Base on Balls
Jeremy Harden to second
Batting: RHB Jose Cerritos 0-0: Ball
1-0: DOUBLE (Line Drive, 9LM, EV 106.2 MPH)
Alfredo Sena scores
Jeremy Harden scores
Victor Alarcon to third
Runner from 3rd tries for Home, throw by RF and OUT! 9-4-2
Jose Cerritos to third
Batting: RHB Jonathan Sarles 0-0: SINGLE (Groundball, 6S, EV 74.4 MPH) (infield hit)
Jose Cerritos scores
Pitching: RHP Brad Madden
Batting: RHB Chris Fruit 0-0: SINGLE (Groundball, 25, EV 65.0 MPH) (infield hit)
Jonathan Sarles to second
Batting: SHB Aaron Neill 0-0: Fielders Choice at 2nd, 5-4 (Groundball, 5, EV 89.4 MPH)
Bottom of the 7th over - 5 runs, 5 hits, 1 error, 2 left on base; Boise 3 - Milwaukee (NYP) 18
TOP OF THE 8TH
Boise Hawks batting - Pitching for Milwaukee (NYP) Brewers : RHP Dan Patino
Batting: LHB Georges Lambert 0-0: Ball
1-0: Swinging Strike
1-1: Called Strike
1-2: Strikes out swinging
Batting: SHB Justin Jackson 0-0: SINGLE (Groundball, 34D, EV 105.6 MPH)
Batting: RHB Andy Rayer 0-0: Swinging Strike
0-1: Ball
Wild Pitch!
Justin Jackson to second
1-1: Foul Ball, location: 2F
1-2: Ball
2-2: Strikes out swinging
Batting: SHB Chris Besselman 0-0: Ball
1-0: Ball
2-0: Fly out, F6 (Popup, P, EV 81.9 MPH)
Top of the 8th over - 0 runs, 1 hit, 0 errors, 1 left on base; Boise 3 - Milwaukee (NYP) 18
BOTTOM OF THE 8TH
Milwaukee (NYP) Brewers batting - Pitching for Boise Hawks : RHP Brad Madden
Batting: SHB Robert Sayer 0-0: Called Strike
0-1: Foul Ball, location: 2F
0-2: Ball
1-2: Fly out, F7 (Flyball, 7, EV 84.4 MPH)
Batting: RHB Chris Maul 0-0: Foul Ball, location: 2F
0-1: Ground out 5-3 (Groundball, 56S, EV 88.1 MPH)
Batting: RHB Alfredo Sena 0-0: Ball
1-0: Called Strike
1-1: Ground out 6-3 (Groundball, 6, EV 89.4 MPH)
Bottom of the 8th over - 0 runs, 0 hits, 0 errors, 0 left on base; Boise 3 - Milwaukee (NYP) 18
TOP OF THE 9TH
Boise Hawks batting - Pitching for Milwaukee (NYP) Brewers : RHP Dan Patino
Batting: RHB Wali Mulogo 0-0: Ball
1-0: Called Strike
1-1: Foul Ball, location: 2F
1-2: Foul Ball, location: 2F
1-2: Strikes out swinging
Batting: RHB Willie Benito 0-0: Ball
1-0: Swinging Strike
1-1: Ball
2-1: Swinging Strike
2-2: Strikes out swinging
Batting: LHB Jerry Santana 0-0: Foul Ball, location: 2F
0-1: Called Strike
0-2: Strikes out swinging
Top of the 9th over - 0 runs, 0 hits, 0 errors, 0 left on base; Boise 3 - Milwaukee (NYP) 18
Tuesday, March 28th , 2023 - OOTP Baseball 23.10 Build 110